 Dungeon Crawl Stone Soup version 0.27.1-3-gb3d3a73c9e (webtiles) character file.

Game seed: 3738750000731735290

373 Icepheonix32 the Shield-Bearer (level 6, -3/47 HPs)
             Began as a Demonspawn Fighter on Oct 9, 2021.
             Slain by a river rat (6 damage)
             ... in a sewer.
             The game lasted 00:08:03 (3284 turns).

Icepheonix32 the Shield-Bearer (Demonspawn Fighter) Turns: 3284, Time: 00:08:04

Health: -3/47      AC:  8    Str: 18    XL:     6   Next: 43%
Magic:  6/6        EV:  7    Int: 10    God:
Gold:   211        SH: 14    Dex: 12    Spells: 5/5 levels left

rFire    . . .     SeeInvis .   d - +1 whip (elec)
rCold    . . .     Faith    .   c - +0 kite shield
rNeg     . . .     Spirit   .   b - +1 scale mail
rPois    .         Reflect  +   (helmet restricted)
rElec    .         Harm     .   (no cloak)
rCorr    .         Rampage  .   (no gloves)
Will     .....                  (no boots)
Stlth    ..........             e - amulet of reflection
HPRegen  0.15/turn              (no ring)
MPRegen  0.10/turn              (no ring)

@: no status effects
A: antennae 1, ignite blood 1, demonic magic 1
a: no special abilities


You were in a sewer.
You visited 1 branch of the dungeon, and saw 4 of its levels.
You also visited: Sewer.

You collected 211 gold pieces.

Inventory:

Hand Weapons
 a - a +1 rapier
 d - a +1 whip of electrocution (weapon)
Armour
 b - a +1 scale mail (worn)
 c - a +0 kite shield (worn)
Magical Staves
 g - a staff of poison
 l - a staff of death
Jewellery
 e - an amulet of reflection (around neck)
Scrolls
 i - a scroll of immolation {unknown}
 j - a scroll of enchant weapon
 k - a scroll of teleportation {unknown}
 p - a scroll of identify {unknown}
 s - a scroll of noise {unknown}
Potions
 f - a potion of brilliance {unknown}
 h - a potion of haste {unknown}
 m - a potion of cancellation {unknown}
 n - a potion of degeneration {unknown}
 o - a potion of resistance {unknown}
 q - a potion of invisibility {unknown}
 r - a potion of heal wounds {unknown}


   Skills:
 + Level 3.6 Fighting
 - Level 2.0 Short Blades
 * Level 4.7 Armour
 - Level 0.5 Dodging
 * Level 4.8 Shields


You had 5 spell levels left.
You didn't know any spells.
Your spell library was empty.

Dungeon Overview and Level Annotations

Branches:
Dungeon (4/15)              Sewer (1/1)
 Temple: D:4-7

Altars:
Ashenzari
Cheibriados
Kikubaaqudgha
Qazlal
Ru
Wu Jian
Xom
The Shining One


Innate Abilities, Weirdness & Mutations

You have a pair of small antennae on your head.
Your demonic aura sometimes causes spilled blood to erupt in flames.
Spells you cast may paralyse adjacent enemies.


Message History

You block the rat's attack.
The ball python bites you but does no damage.
The ball python constricts you.
The rat splashes around in the water.
The river rat bites you but does no damage.
You block the river rat's attack.
You escape the ball python's grasp.
You block the rat's attack. x2
The ball python bites you but does no damage.
The ball python barely misses you. The river rat bites you!
* * * LOW HITPOINT WARNING * * *
You block the ball python's attack. x2
You are too injured to fight recklessly!
You closely miss the ball python.
The ball python is severely wounded.
You block the river rat's attack. You block the ball python's attack.
The ball python barely misses you. The river rat misses you.
You closely miss the ball python.
The ball python is severely wounded.
The ball python barely misses you. You block the ball python's attack.
The ball python bites you but does no damage.
The ball python grabs you. The ball python constricts you.
* * * LOW HITPOINT WARNING * * *
You block the river rat's attack. The river rat bites you.
* * * LOW HITPOINT WARNING * * *
You whack the ball python!
You kill the ball python!
You block the river rat's attack. x2
Unknown command.
You hit the rat. Lightning courses through the rat!
You kill the rat!
You block the river rat's attack. The river rat bites you.
* * * LOW HITPOINT WARNING * * *
The rat splashes around in the water.
You closely miss the rat. The river rat bites you.
* * * LOW HITPOINT WARNING * * *
You block the river rat's attack. The rat bites you but does no damage.
The river rat bites you.
* * * LOW HITPOINT WARNING * * *
The river rat bites you.
You die...

.... #.......# ....# ##........
#≈≈....##.........
≈≈≈≈≈≈≈≈...≈.........≈.≈≈.≈##≈≈
≈≈≈≈≈≈≈≈≈≈≈≈≈≈..≈.≈.≈≈≈.≈≈≈≈≈≈≈≈≈
#≈≈≈≈≈≈≈≈≈≈≈≈≈≈≈≈≈≈≈≈≈≈≈≈≈≈≈≈≈≈≈≈
≈≈≈≈≈≈≈≈≈≈≈≈≈≈≈≈≈≈≈≈≈≈≈≈≈≈≈≈≈≈≈≈≈
#≈≈≈≈≈≈≈≈≈≈≈≈≈≈rrr..≈.≈≈≈≈≈≈≈≈≈≈≈
#≈≈≈≈≈≈≈≈≈≈≈≈≈≈.@......≈≈≈≈≈≈≈≈≈≈
#≈≈≈≈≈≈≈≈≈..≈..........≈..≈≈.≈.≈.
#....≈.≈≈....................†...
)................................
#)............÷...........##.....
#.............÷.##.......#####...
###..###......#####..##...######.
#### ##...######..#####..∩# ##
##### #∩..## #####


You could see 2 river rats and a rat.

Vanquished Creatures
  A phantom (D:4)
  Blork the orc (D:4)
  A hound (D:4)
  A hound skeleton (D:4)
  3 gnolls
  3 adders
  5 river rats (Sewer)
  A worm (D:2)
  3 dart slugs
  3 orcs (D:3)
  7 ball pythons
  7 endoplasms
  A giant cockroach (D:4)
  3 goblins
  3 hobgoblins
  2 jackals (D:3)
  17 kobolds
  4 quokkas
  7 bats
  6 frilled lizards
  9 rats
88 creatures vanquished.

Notes
Turn   | Place    | Note
-------+----------+-------------------------------------------
     0 | D:1      | Icepheonix32 the Demonspawn Fighter began the quest for the
                  | Orb.
     0 | D:1      | Reached XP level 1. HP: 18/18 MP: 1/1
   233 | D:1      | Gained mutation: Your demonic aura sometimes causes spilled
                  | blood to erupt in flames. [demonic ancestry]
   233 | D:1      | Reached XP level 2. HP: 24/24 MP: 2/2
   746 | D:2      | Gained mutation: Spells you cast may paralyse adjacent
                  | enemies. [demonic ancestry]
   746 | D:2      | Reached XP level 3. HP: 25/29 MP: 3/3
  1604 | D:3      | Gained mutation: You have a pair of small antennae on your
                  | head. [demonic ancestry]
  1604 | D:3      | Reached XP level 4. HP: 35/35 MP: 4/4
  2019 | D:3      | Found a faded altar of an unknown god.
  2642 | D:4      | Noticed a phantom
  2658 | D:4      | Killed a phantom
  2659 | D:4      | Reached XP level 5. HP: 15/41 MP: 5/5
  2711 | D:4      | Noticed Blork the orc
  2713 | D:4      | Found a shimmering altar of Xom.
  2724 | D:4      | Killed Blork the orc
  2727 | D:4      | Reached XP level 6. HP: 12/47 MP: 6/6
  2728 | D:4      | Found a snail-covered altar of Cheibriados.
  2728 | D:4      | Found an ancient bone altar of Kikubaaqudgha.
  2730 | D:4      | Found an ornate altar of the Wu Jian Council.
  2730 | D:4      | Found a sacrificial altar of Ru.
  2732 | D:4      | Found a stormy altar of Qazlal.
  2734 | D:4      | Found a broken altar of Ashenzari.
  2831 | D:4      | Found a glowing drain.
  2835 | Sewer    | Entered a sewer
  3284 | Sewer    | Slain by a river rat

Illustrated notes

Levels and vault maps discovered:
D:1:      mrwooster_arrival_arrow, layout_loops_cross
D:2:      layout_rooms
D:3:      layout_basic, ebering_ecumenical_altar_box
D:4:      layout_loops_ring, grunt_temple_overflow_open, gup_sewer_entry_spiral,
          uniq_blork_the_orc, uniq_crazy_yiuf_cottage
Sewer:    sewer_minmay_treatment

Skill      XL: |  1  2  3  4 |
---------------+-------------+-----
Short Blades   | 2 |  2.0
Shields        | 3 4 |  4.8
Armour         | 3 4 |  4.7
Fighting       | |  3.6
Dodging        | |  0.5

Action                   |  1- 3 |  4- 6 || total
-------------------------+-------+-------++-------
Melee: Rapier            |   122 |   150 ||   272
       Whip              |       |    23 ||    23
  Use: Potion            |       |     1 ||     1
       Scroll            |       |     3 ||     3
Armor: Scale mail        |    63 |    65 ||   128
Dodge: Dodged            |    32 |    56 ||    88
Block: Kite shield       |    63 |   138 ||   201
       Reflection        |       |     1 ||     1
